 Dungeon Crawl Stone Soup version 0.30-b1-2-g02819fbbbe (webtiles) character file.

Game seed: 9631501802965657722

27 Alarion00 the Chopper (level 2, 0/27 HPs)
             Began as a Minotaur Berserker on May 28, 2023.
             Was a Follower of Trog.
             Slain by Robin
             ... wielding a +0 spear
              (3 damage)
             ... on level 2 of the Dungeon.
             The game lasted 00:03:18 (1298 turns).

Alarion00 the Chopper (Minotaur Berserker)          Turns: 1298, Time: 00:03:18

Health: 0/27       AC:  2    Str: 21    XL:     2   Next: 93%
Magic:  1/1        EV: 12    Int:  4    God:    Trog [*.....]
Gold:   57         SH:  0    Dex:  9    Spells: 1/1 levels left

rFire   . . .        a - +0 hand axe
rCold   . . .        (no shield)
rNeg    . . .        b - +0 animal skin
rPois   .            (helmet restricted)
rElec   .            (no cloak)
rCorr   .            (no gloves)
SInv    .            (no boots)
Will    .....        (no amulet)
Stlth   +            (no ring)
HPRegen 0.24/turn    (no ring)
MPRegen 0.07/turn

%: no passive effects
@: no status effects
A: horns 2, retaliatory headbutt
a: Renounce Religion, Berserk


You were on level 2 of the Dungeon.
You worshipped Trog.
Trog was aware of your devotion.
You visited 1 branch of the dungeon, and saw 2 of its levels.

You collected 57 gold pieces.

Inventory:

Hand Weapons
 a - a +0 hand axe (weapon)
 d - a +0 mace
Armour
 b - a +0 animal skin (worn)
Scrolls
 e - a scroll of enchant weapon {unknown}
 f - a scroll of identify {unknown}
 g - a scroll of immolation {unknown}
 j - a scroll of teleportation {unknown}
Potions
 c - a potion of flight {unknown}
 h - a potion of curing {unknown}
 i - a potion of mutation {unknown}


   Skills:
 + Level 4.1 Fighting
 * Level 4.4 Axes
 + Level 2.5 Armour
 + Level 2.5 Dodging


You had one spell level left.
You didn't know any spells.
Your spell library was empty.

Dungeon Overview and Level Annotations

Branches:
Dungeon (2/15)

Altars:

Annotations:
D:2 Robin


Innate Abilities, Weirdness & Mutations

You have a pair of horns on your head.
You reflexively headbutt those who attack you in melee.


Message History

Trog accepts your kill.
You hit the goblin.
You kill the goblin!
Trog accepts your kill.
You barely miss the goblin. You headbutt the goblin.
You kill the goblin!
Trog accepts your kill.
The goblin no longer looks unusually strong.
Robin roars a battlecry!
The goblin goes into a battle-frenzy!
You completely miss the goblin. Your headbutt misses the goblin.
You completely miss the goblin. The goblin barely misses you.
The goblin hits you with a +0 dagger.
You barely miss the goblin. You hit the goblin.
You kill the goblin!
Trog accepts your kill.
Robin roars a battlecry!
A goblin comes into view. It is wielding a +0 club.
The goblin hits you with a +0 dagger.
* * * LOW HITPOINT WARNING * * *
You slash the goblin!
You kill the goblin!
Trog accepts your kill.
You closely miss the goblin.
The goblin no longer looks unusually strong.
You hit the goblin.
You kill the goblin!
Trog accepts your kill. Robin barely misses you.
Items here: )))) †.
Robin barely misses you.
You completely miss Robin. You punch Robin.
Robin is lightly wounded.
Robin throws the goblin at you!
* * * LOW HITPOINT WARNING * * *
The goblin hits you with a +0 club.
* * * LOW HITPOINT WARNING * * *
Robin says, "Duck!"
Robin hits you with a +0 spear.
You die...

#.........##†...#
#..####...##....#
#...........
#..###......#
###(.# ###....#
########>...#
#....#
#.....)..#.##
....#
#....g)###.#
#....@## #.#
#...g.# #.#
#.....# #.#
###.....# #.#
##.......## #.#
#.........# #.#
##### #....)....#
#.# #....
#.........#
#.#######....
+.$.......#
#.......'....


You could see Robin and a goblin (strong).

Vanquished Creatures
  2 endoplasms
  10 goblins (D:2)
  2 hobgoblins
  A quokka (D:1)
  A ball python (D:1)
  2 bats
  3 frilled lizards
  A kobold (D:1)
  2 rats
24 creatures vanquished.

Notes
Turn   | Place    | Note
-------+----------+-------------------------------------------
     0 | D:1      | Alarion00 the Minotaur Berserker began the quest for the
                  | Orb.
     0 | D:1      | Reached XP level 1. HP: 19/19 MP: 0/0
   316 | D:1      | You fall into a shaft and drop 1 floor!
   343 | D:2      | Found a faded altar of an unknown god.
   379 | D:2      | Reached XP level 2. HP: 25/27 MP: 1/1
  1275 | D:2      | Noticed Robin
  1298 | D:2      | Slain by Robin

Illustrated notes

Levels and vault maps discovered:
D:1:      dpeg_arrival_leaves_temple_mockup, layout_basic
D:2:      layout_basic, hellmonk_ecumenical_altar_leap_of_faith, uniq_robin

Skill      XL: |  1  2 |
---------------+-------+-----
Axes           | 4 |  4.4
Fighting       | 4 |  4.1
Armour         | |  2.5
Dodging        | |  2.5

Action                     || total
---------------------------++-------
  Melee: Hand axe          ||    42
         Headbutt          ||     2
         Punch             ||     1
 Armour: Animal skin       ||     7
  Dodge: Dodged            ||    39
